 Dungeon Crawl Stone Soup version 0.23.2-1-ga50397a (webtiles) character file.

Game seed: 15678713583490066141

78 mopl the Ruffian (level 4, 0/35 HPs)
             Began as a Minotaur Transmuter on May 11, 2019.
             Slain by an orc priest
             ... wielding a +0 dagger
              (6 damage)
             ... on level 3 of the Dungeon.
             The game lasted 00:02:44 (1898 turns).

mopl the Ruffian (Minotaur Transmuter)              Turns: 1898, Time: 00:02:45

Health: 0/35       AC:  2    Str: 15    XL:     4   Next: 15%
Magic:  2/6        EV: 12    Int: 11    God:
Gold:   110        SH:  0    Dex: 10    Spells: 1/7 levels left

rFire    . . .     SeeInvis .     - Unarmed
rCold    . . .     Gourm    .   (no shield)
rNeg     . . .     Faith    .   m - +0 robe
rPois    .         Spirit   .   (helmet restricted)
rElec    .         Reflect  .   s - scarf {cloud immunity}
rCorr    .         Harm     .   (no gloves)
MR       .....                  (no boots)
Stlth    +.........             (no amulet)
HPRegen  0.11/turn              (no ring)
MPRegen  0.10/turn              (no ring)

@: lethally poisoned (0 -> 0), very slightly contaminated
A: retaliatory headbutt, horns 2
a: no special abilities


You were on level 3 of the Dungeon.
You were not hungry.

You visited 1 branch of the dungeon, and saw 3 of its levels.

You collected 110 gold pieces.

Inventory:

Hand Weapons
 b - a +0 hunting sling
Missiles
 a - 74 arrows
 e - 25 sling bullets
 l - 148 stones (quivered)
 p - a throwing net
Armour
 m - a +0 robe (worn)
 s - a scarf of cloud immunity (worn)
Jewellery
 j - an uncursed ring of ice
Scrolls
 f - a scroll of random uselessness {unknown}
 g - a scroll of amnesia {unknown}
 h - a scroll of noise {unknown}
 n - a scroll of teleportation {unknown}
 o - a scroll of remove curse {unknown}
 q - 2 scrolls of identify {unknown}
 r - a scroll of fog {unknown}
Potions
 c - 2 potions of might {unknown}
 i - 4 potions of curing {unknown}
 k - 2 potions of magic {unknown}
 u - a potion of haste {unknown}
Comestibles
 d - 5 rations
 t - 2 chunks of flesh


   Skills:
 - Level 1.2 Fighting
 - Level 2.1 Dodging
 + Level 4.2 Unarmed Combat
 - Level 2.0 Spellcasting
 + Level 2.4 Transmutations
 + Level 0.4 Poison Magic


You had one spell level left.
You knew the following spells:

 Your Spells              Type           Power        Failure   Level  Hunger
a - Beastly Appendage     Tmut           #.....       11%         1    ##.....
b - Spider Form           Tmut/Pois      #.........   43%         3    ####...
w - Sticks to Snakes      Tmut           #.......     16%         2    ###....

Your spell library contained the following spells:

 Spells                   Type           Power        Failure   Level  Hunger
 Ice Form                 Ice/Tmut       #.......     87%         4    #####..
 Blade Hands              Tmut           #.........   96%         5    ######.


Dungeon Overview and Level Annotations

Branches:
Dungeon (3/15)

Altars:
Fedhas


Innate Abilities, Weirdness & Mutations

You reflexively headbutt those who attack you in melee.
You have a pair of horns on your head.


Message History

The goblin hits you.
* * * LOW HITPOINT WARNING * * *
You closely miss the goblin.
You feel sick.
You hit the goblin. You headbutt the goblin.
You kill the goblin!
You feel sick.
You see here a bat corpse.
You butcher the bat corpse.
t - 2 chunks of flesh (gained 1)
You see here a bat skeleton.
You start resting.
You feel sick.
An orc priest comes into view. It is wielding a +0 dagger.
An orc priest is nearby!
Casting: Beastly Appendage (safe; 11% risk of failure)
Confirm with . or Enter, or press ? or * to list all spells.
You miscast Spider Form.
You are very lightly contaminated with residual magic.
Strange energies run through your body.
The orc priest hits you with a +0 dagger.
You die...

..# ######... ##.## ###.
.######...## ##
#...........# # #.. #....#
# #.. ##.#.# #
#..######.#.# #
##.........#.######### #
#.......o@...........#####
.#.#.#.####.#........÷.÷.
#))...##.####.##..####
#..#.##.##.# #..#..# #.
##)#....# #''#### # #.##
#### .... ... ..... ...K.
.##.#.. #..>.g . ♣...+


You could see an orc priest.

Vanquished Creatures
  Robin (D:3)
  An adder (D:2)
  3 worms (D:2)
  A leopard gecko (D:1)
  An orc (D:3)
  A ball python (D:2)
  6 bats
  2 giant cockroaches (D:1)
  12 goblins
  4 hobgoblins
  5 kobolds
  A quokka (D:2)
  3 frilled lizards
  6 rats
47 creatures vanquished.

Notes
Turn   | Place    | Note
-------+----------+-------------------------------------------
     0 | D:1      | mopl the Minotaur Transmuter began the quest for the Orb.
     0 | D:1      | Reached XP level 1. HP: 16/16 MP: 1/1
   305 | D:1      | Reached XP level 2. HP: 23/23 MP: 3/3
   312 | D:1      | Learned a level 2 spell: Sticks to Snakes
   623 | D:1      | Reached skill level 2 in Transmutations
   980 | D:2      | Found a blossoming altar of Fedhas.
  1082 | D:2      | Reached XP level 3. HP: 26/28 MP: 4/4
  1714 | D:3      | Reached skill level 2 in Spellcasting
  1736 | D:3      | Learned a level 3 spell: Spider Form
  1783 | D:3      | Reached skill level 4 in Unarmed Combat
  1866 | D:3      | Noticed Robin
  1874 | D:3      | Killed Robin
  1874 | D:3      | Reached XP level 4. HP: 16/35 MP: 3/6
  1898 | D:3      | Slain by an orc priest

Skill      XL: |  1  2  3 |
---------------+----------+-----
Transmutations | 2 |  2.4
Spellcasting   | 2 |  2.0
Unarmed Combat | 4 |  4.2
Fighting       | |  1.2
Dodging        | |  2.1
Poison Magic   | |  0.4

Action                   |  1- 3 |  4- 6 || total
-------------------------+-------+-------++-------
Melee: Unarmed           |    99 |    15 ||   114
       Headbutt          |     7 |     1 ||     8
       Kick              |     8 |     1 ||     9
       Punch             |     1 |     1 ||     2
 Fire: Hunting sling     |    10 |       ||    10
 Cast: Beastly Appendage |     4 |       ||     4
       Spider Form       |     1 |       ||     1
  Eat: Chunk             |     3 |       ||     3
Armor: Robe              |    11 |     2 ||    13
Dodge: Dodged            |    54 |    10 ||    64
